 Dungeon Crawl Stone Soup version 0.32-a0-999-gfa1cc04b1d (webtiles) character file.

Game seed: 7217353544891744458

3839 ezpacito the Trooper (level 10, -1/77 HPs)
             Began as a Coglin Chaos Knight on Apr 24, 2024.
             Was a Plaything of Xom.
             Succumbed to a water moccasin's poison
             ... on level 7 of the Dungeon.
             The game lasted 00:06:24 (5528 turns).

ezpacito the Trooper (Coglin Chaos Knight)          Turns: 5528, Time: 00:06:25

Health: -1/77      AC: 15    Str: 17    XL:     10   Next: 18%
Magic:  12/14      EV:  9    Int: 11    God:    Xom [*.....]
Gold:   159        SH:  0    Dex: 19    Spells: 4/15 levels left

rFire   . . .        a - +1 hand axe (chaos) {Kun}
rCold   . . .        n - +0 trident (venom) {Ishleen}
rNeg    . . .        p - +0 chain mail
rPois   .            h - +0 helmet
rElec   .            x - +2 cloak
rCorr   .            (no gloves)
SInv    .            y - +0 pair of boots "Safa" {Dex+5}
Will    .....        (amulet unavailable) Stlth
                     (ring unavailable)
HPRegen 0.32/turn    (ring unavailable)
MPRegen 0.14/turn    (no gizmo)

%: no passive effects
@: mighty, lethally poisoned (-1 -> -9), revving
A: off-hand wielding, slow wielding, warmup strikes, no jewellery
a: Invent Gizmo, Renounce Religion


You were on level 7 of the Dungeon.
You worshipped Xom.
You were a special plaything of Xom.
You visited 1 branch of the dungeon, and saw 7 of its levels.
You also visited: Ossuary.

You collected 601 gold pieces.
You spent 442 gold pieces at shops.

Inventory:

Hand Weapons
 a - a +1 hand axe of chaos (weapon) {Kun}
 i - a +5 demon trident of freezing
 l - a +0 shortbow
 n - a +0 trident of venom (offhand) {Ishleen}
Missiles
 e - 6 curare-tipped darts
 f - 4 javelins
 g - 6 poisoned darts (quivered)
Armour
 h - a +0 helmet (worn)
 p - a +0 chain mail (worn)
 x - a +2 cloak (worn)
 y - the +0 pair of boots "Safa" (worn) {Dex+5}
   (You bought it in a shop on level 6 of the Dungeon)

   Dex+5:     It affects your dexterity (+5).
Magical Staves
 k - a staff of earth
 o - a staff of death
Talismans
 m - a blade talisman
Wands
 b - a wand of roots (10)
Scrolls
 c - a scroll of butterflies
 j - a scroll of immolation
 t - 2 scrolls of teleportation
 B - 2 scrolls of blinking
Potions
 d - a potion of might
 r - 2 potions of enlightenment
 s - a potion of degeneration {unknown}
 u - a potion of attraction
 v - a potion of magic {unknown}
 w - a potion of experience
 z - a potion of berserk rage {unknown}
 A - a potion of brilliance {unknown}


   Skills:
 * Level 6.4 Fighting
 * Level 6.2(7.1) Axes
 * Level 4.8(6.0) Polearms
 + Level 3.0 Ranged Weapons
 + Level 3.2 Throwing
 * Level 5.3 Armour
 * Level 5.0 Dodging
 + Level 3.4 Stealth
 + Level 3.0 Spellcasting
 + Level 2.2 Conjurations
 + Level 2.4 Summonings
 + Level 2.1 Necromancy
 + Level 2.1 Translocations
 + Level 2.3 Alchemy
 + Level 4.3 Evocations
 + Level 2.4 Shapeshifting


You had 4 spell levels left.
You knew the following spells:

 Your Spells              Type           Power      Damage    Failure   Level
a - Dispel Undead         Necr           6%         3d8       100%        4
b - Martyr's Knell        Necr/Summ      6%         N/A       100%        4
c - Sting                 Conj/Alch      24%        1d4       67%         1
d - Summon Small Mammal   Summ           24%        N/A       65%         1
g - Apportation           Tloc           12%        N/A       71%         1

Your spell library contained the following spells:

 Spells                   Type           Power      Damage    Failure   Level
 Necrotise                Necr           24%        1d5       71%         1
 Cigotuvi's Dreadful Rot  Necr/Alch/Air  8%         N/A       89%         2
 Call Canine Familiar     Summ           6%         N/A       95%         3
 Tukima's Dance           Hex            1%         N/A       100%        3
 Dimensional Bullseye     Hex/Tloc       2%         N/A       100%        4
 Iskenderun's Mystic Bla Conj/Tloc 6%             2d4        (+2d1     100%        4
 Summon Blazeheart Golem  Fire/Summ      4%         N/A       100%        4


Dungeon Overview and Level Annotations

Branches:
Dungeon (7/15)             Temple (0/1) D:7         Ossuary (visited)

Altars:
Cheibriados
Hepliaklqana
Vehumet
Zin

Shops:
D:4 *   D:6 [

Annotations:
D:6 3 runed translucent doors


Innate Abilities, Weirdness & Mutations

You can wield a second weapon in your off-hand.
It takes a long time for you to wield or remove held weapons.
Your first few attacks do less damage.
You cannot equip rings or amulets.


Message History

The water moccasin barely misses you. The water moccasin bites you!
You take 16 damage, and have 27/68 hp.
MASSIVE DAMAGE!!
Okay, then.
You feel better. The water moccasin bites you.
You regained 3 hp, and now have 30/68 hp.
You feel very mighty all of a sudden. The water moccasin bites you!
* * * LOW HITPOINT WARNING * * *
You are poisoned.
The water moccasin poisons you! The water moccasin bites you!
* * * LOW HITPOINT WARNING * * *
You take 24 damage, and have 6/68 hp.
MASSIVE DAMAGE!!
You impale the water moccasin with your +0 trident of venom!!
You kill the water moccasin!
* * * LOW HITPOINT WARNING * * *
You feel very sick.
You take 4 damage, and have 2/68 hp.
* * * LOW HITPOINT WARNING * * *
You feel sick.
You take 1 damage, and have 1/68 hp.
You feel more experienced!
Your Fighting skill increases to level 6!
Your base Axes skill gained 2 levels and is now at level 6!
Your base Polearms skill increases to level 4!
Your Ranged Weapons skill increases to level 3!
Your Throwing skill increases to level 3!
Your Armour skill increases to level 5!
Your Dodging skill gained 2 levels and is now at level 5!
Your Stealth skill increases to level 3!
Your Spellcasting skill increases to level 3!
Your Conjurations skill gained 2 levels and is now at level 2!
Your Summonings skill gained 2 levels and is now at level 2!
Your Necromancy skill gained 2 levels and is now at level 2!
Your Translocations skill gained 2 levels and is now at level 2!
Your Alchemy skill gained 2 levels and is now at level 2!
Your Evocations skill increases to level 4!
Your Shapeshifting skill increases to level 2!
You have reached level 10!
You die...
Xom guffaws!

#. .. #.. ..# .
#.. ...# .. #..
#...# ..
..####.## #....#
.
.>......##......
####.
#............
....
#....@.....# ...
#...##....##
.###. #...#
..### ....#. .#
#^..# .##
........# #..##
## # ....# #..#
.# ##
#...####..#.# .#
#....##....#
.####..#.......#


There were no monsters in sight!

Vanquished Creatures
  Sigmund (D:6)
  A wyvern (D:4)
  Eustachio (D:4)
  A water moccasin (D:7)
  A black bear (D:5)
  3 ogres (D:5)
  A phantom (D:4)
  A centaur (D:5)
  2 bullfrogs (D:6)
  2 scorpions (D:5)
  3 killer bees (D:6)
  3 hounds
  2 orc priests (D:6)
  3 iguanas
  8 mummies (Ossuary)
  3 gnolls
  6 adders
  A shadow imp (D:5)
  2 ufetubi (D:6)
  A dart slug (D:2)
  3 orcs
  4 ball pythons
  6 endoplasms
  4 giant cockroaches
  8 goblins
  6 hobgoblins
  3 kobolds
  5 quokkas
  3 bats
  2 frilled lizards (D:1)
  3 gnoll zombies (Ossuary)
  2 hobgoblin zombies (Ossuary)
  A kobold zombie (Ossuary)
  2 orc zombies (Ossuary)
  4 rats
  A spectral goblin (D:3)
103 creatures vanquished.

Vanquished Creatures (collateral kills)
  A hound (D:4)
  A ball python (D:4)
2 creatures vanquished.

Grand Total: 105 creatures vanquished

Notes
Turn   | Place    | Note
-------+----------+-------------------------------------------
     0 | D:1      | ezpacito the Coglin Chaos Knight began the quest for the
                  | Orb.
     0 | D:1      | Reached XP level 1. HP: 18/18 MP: 1/1
    40 | D:1      | Reached skill level 1 in Dodging
    84 | D:1      | XOM: silly message
   294 | D:1      | Reached XP level 2. HP: 24/24 MP: 2/2
   477 | D:1      | XOM: smoke on damage
   752 | D:1      | Reached XP level 3. HP: 24/29 MP: 3/3
  1009 | D:1      | XOM: silly message
  1267 | D:2      | Reached XP level 4. HP: 35/35 MP: 4/4
  1290 | D:2      | XOM: 4-stop teleportation journey
  1552 | D:2      | XOM: silly message
  1829 | D:3      | Found a snail-covered altar of Cheibriados.
  2129 | D:3      | Reached skill level 1 in Polearms
  2161 | D:3      | XOM: silly message
  2371 | D:3      | XOM: noise
  2532 | D:3      | XOM: cloud trail
  2549 | D:3      | XOM: scenery: 1 doors close
  2561 | D:3      | Found a hazy altar of Hepliaklqana.
  2679 | D:3      | XOM: smoke on damage
  2755 | D:4      | Found Suexemi's Mass Market.
  2756 | D:4      | Noticed a phantom
  2762 | D:4      | XOM: god gift: 23 gold pieces
  2777 | D:4      | Killed a phantom
  2778 | D:4      | Reached skill level 1 in Stealth
  2778 | D:4      | Reached XP level 5. HP: 28/42 MP: 4/6
  2910 | D:4      | Reached skill level 1 in Evocations
  3058 | D:4      | Reached XP level 6. HP: 47/48 MP: 7/7
  3146 | D:4      | Reached skill level 1 in Throwing
  3177 | D:4      | Reached skill level 1 in Spellcasting
  3223 | D:4      | Noticed Eustachio
  3224 | D:4      | XOM: confuse monster(s)
  3236 | D:4      | Killed Eustachio
  3258 | D:4      | Found a radiant altar of Vehumet.
  3333 | D:4      | XOM is BORED!
  3408 | D:4      | Reached XP level 7. HP: 30/54 MP: 8/8
  3514 | D:4      | Noticed a wyvern
  3518 | D:4      | Killed a wyvern
  3596 | D:5      | Entered Level 5 of the Dungeon
  3626 | D:5      | Reached skill level 1 in Ranged Weapons
  3627 | D:5      | XOM: blink monster(s)
  3692 | D:5      | Reached skill level 1 in Shapeshifting
  3692 | D:5      | Identified the +5 halberd of Empa {freeze, rCorr}
  3699 | D:5      | Found a sand-covered staircase.
  3704 | Ossuary  | Entered an ossuary
  3741 | Ossuary  | Reached XP level 8. HP: 53/61 MP: 10/10
  4073 | D:5      | XOM: potion effect (might)
  4590 | D:5      | XOM: noise
  4862 | D:6      | XOM: 1-stop teleportation journey
  4868 | D:6      | Reached skill level 5 in Fighting
  4876 | D:6      | Learned a level 4 spell: Dispel Undead
  4881 | D:6      | Learned a level 4 spell: Martyr's Knell
  4883 | D:6      | Learned a level 1 spell: Sting
  4885 | D:6      | Learned a level 1 spell: Apportation
  4887 | D:6      | Learned a level 1 spell: Summon Small Mammal
  4895 | D:6      | Found a runed translucent gate.
  4896 | D:6      | Found Qeabrayxt's Antique Armour Boutique.
  4913 | D:6      | Bought a pair of steaming boots for 247 gold pieces
  4913 | D:6      | Identified the +0 pair of boots "Safa" {Dex+5} (You bought
                  | it in a shop on level 6 of the Dungeon)
  4913 | D:6      | Bought a runed cloak for 195 gold pieces
  4924 | D:6      | Found a runed translucent gate.
  4924 | D:6      | Found a runed translucent gate.
  5068 | D:6      | Noticed a rust devil
  5068 | D:6      | Identified the +3 plate armour of the Bulwark {Rampage
                  | rPois Int-2 Dex-4}
  5071 | D:6      | Noticed a rust devil
  5134 | D:6      | Noticed Sigmund
  5143 | D:6      | Killed Sigmund
  5144 | D:6      | Reached XP level 9. HP: 53/68 MP: 12/12
  5382 | D:6      | Found a glowing silver altar of Zin.
  5483 | D:7      | Found a staircase to the Ecumenical Temple.
  5522 | D:7      | Identified a scroll of acquirement
  5522 | D:7      | Acquired a +5 demon trident of freezing
  5526 | D:7      | HP: 2/68 [poisoned by a water moccasin]
  5528 | D:7      | Reached skill level 5 in Armour
  5528 | D:7      | Reached skill level 5 in Dodging
  5528 | D:7      | Reached XP level 10. HP: 1/77 MP: 12/14
  5528 | D:7      | Succumbed to a water moccasin's poison

Illustrated notes

Levels and vault maps discovered:
D:1:      erik_arrival_triangle_small, layout_loops_corners, serial_park_tiny_2,
          amcnicky_mini_pool_small, supply_closet_lemuel,
          nicolae_figureground_pulse
D:2:      layout_loops_ring
D:3:      layout_loops_corners, nicolae_hepliaklqana_monster_ancestors,
          old_standard_altar
D:4:      layout_gridville, vehumet_crystals, minmay_shop_mass, uniq_eustachio,
          uniq_crazy_yiuf_cottage
D:5:      layout_rooms, enter_ossuary_2
D:6:      cheibrodos_iron_armory, layout_rooms, mainiacjoe_overflow_brackets,
          serial_shops, nicolae_shop_waterfront, minmay_misc_feat_tower,
          uniq_sigmund
D:7:      layout_layer_cave, nicolae_qazlal_eye_of_the_storm,
          chequers_temple_overflow_statue_of_worship,
          nicolae_dithmenos_through_a_glass_darkly,
          minmay_temple_entry_sparse_star, enter_bailey_5

Skill      XL: |  1  2  3  4  5  6  7  8  9 |
---------------+----------------------------+-----
Dodging        | 1 2 3 5 |  5.0
Armour         | 2 3 4 5 |  5.3
Polearms       | 1 2 3 4 |  4.8
Stealth        | 1 2 3 |  3.4
Evocations     | 1 2 3 4 |  4.3
Throwing       | 1 2 3 |  3.2
Spellcasting   | 1 2 3 |  3.0
Fighting       | 4 5 6 |  6.4
Axes           | 4 6 |  6.2
Ranged Weapons | 1 3 |  3.0
Shapeshifting  | 1 2 |  2.4
Conjurations   | 2 |  2.2
Summonings     | 2 |  2.4
Necromancy     | 2 |  2.1
Translocations | 2 |  2.1
Alchemy        | 2 |  2.3

Action                     |  1- 3 |  4- 6 |  7- 9 | 10-12 || total
---------------------------+-------+-------+-------+-------++-------
  Melee: Hand axe          |    45 |    91 |   115 |       ||   251
         Dagger            |     8 |       |       |       ||     8
         Spear             |    45 |    29 |       |       ||    74
         Trident           |       |    73 |   128 |       ||   201
  Throw: Dart              |       |       |     2 |       ||     2
    Use: Scroll            |       |     5 |    11 |       ||    16
         Potion            |       |       |     7 |       ||     7
   Stab: Paralysed         |     2 |       |     2 |       ||     4
         Sleeping          |       |     4 |       |       ||     4
         Confused          |       |     2 |     4 |       ||     6
 Armour: Leather armour    |    30 |    33 |       |       ||    63
         Chain mail        |       |    16 |   114 |       ||   130
  Dodge: Dodged            |    23 |    41 |    44 |       ||   108

Table legend: (Time is in decaauts)
 A = Elapsed time spent in this place.
 B = Non-inter-level travel time spent in this place.
 C = Inter-level travel time spent in this place.
 D = Time resting spent in this place.
 E = Time spent auto-exploring this place.
 F = Levels seen in this place.
 G = Mean time per level.
                   A        B        C        D        E       F      G
               +--------+--------+--------+--------+--------+-----+--------+
         Total |   5558 |   5224 |    334 |    319 |   4053 |   8 |  694.8 |
       Dungeon |   5214 |   4880 |    334 |    319 |   3795 |   7 |  744.9 |
       Ossuary |    344 |    344 |      0 |      0 |    258 |   1 |  344.0 |
               +--------+--------+--------+--------+--------+-----+--------+

Top non-repeatable levels by time:
     D:1: 1198 daAuts
     D:3: 915 daAuts
     D:4: 885 daAuts
     D:5: 845 daAuts
     D:6: 698 daAuts
     D:2: 616 daAuts
 Ossuary: 344 daAuts
     D:7: 54 daAuts
